General information
- name: BNet
- type: Ladder team game (AT/RT)
- host: Battle.net
- saver: tim_yang
map: DragonFalls
- players: 8
- length: 49:57
- speed: Fast
- version: 1.27 W3XP
- replay type: Public
» download(294 KB)
Players
team 1 (winner)

»
RussiaBetterUSA (
pink | 50 APM | 1931 actions | 38:44)
6 Blademaster
3 Wind Walk
2 Critical Strike
1 Bladestorm
1 Mountain King
1 Storm Bolt
» actions
| Assign group hotkey | 42 | |
| Build / train | 94 | |
| Enter build submenu | 28 | |
| Enter hero's abilities submenu | 7 | |
| Remove unit from queue | 3 | |
| Right click | 724 | |
| Select / deselect | 382 | |
| Select group hotkey | 568 | |
| Use ability | 83 | |
1931 total
» units
| Peon | 28 | |
| Troll Headhunter/Berserker | 9 | |
| Troll Batrider | 17 | |
| Green Dragon | 1 | |
| Wind Rider | 16 | |
71 total
» upgrades
» buildings
| Altar of Storms | 1 | |
| Barracks | 1 | |
| Orc Burrow | 12 | |
| War Mill | 1 | |
| Stronghold | 1 | |
| Voodoo Lounge | 1 | |
| Beastiary | 4 | |
| Great Hall | 2 | |
23 total
» build order
01:15 Altar of Storms
01:20 Barracks
01:28 Orc Burrow
03:30 Orc Burrow
03:34 War Mill
04:30 Orc Burrow
04:51 Stronghold
05:02 Orc Burrow
05:21 Orc Burrow
06:32 Voodoo Lounge
07:21 Orc Burrow
08:35 Beastiary
08:37 Beastiary
08:49 Beastiary
08:53 Beastiary
09:34 Great Hall
09:52 Orc Burrow
09:53 Orc Burrow
18:48 Great Hall
19:00 Orc Burrow
19:04 Orc Burrow
29:58 Orc Burrow
30:27 Orc Burrow
» items
| Healing Salve | 8 | |
| Potion of Healing | 2 | |
10 total
tim_yang (
orange | 46 APM | 2316 actions | 49:57)
10 Blademaster
3 Wind Walk
3 Critical Strike
1 Bladestorm
3 Mirror Image
» actions
| Assign group hotkey | 106 | |
| Basic commands | 56 | |
| Build / train | 73 | |
| Enter build submenu | 66 | |
| Enter hero's abilities submenu | 10 | |
| Give item / drop item | 5 | |
| Right click | 1135 | |
| Select / deselect | 366 | |
| Select group hotkey | 307 | |
| Use ability | 192 | |
2316 total
» units
| Peon | 12 | |
| Grunt | 4 | |
| Goblin Shredder | 1 | |
| Wind Rider | 5 | |
| Goblin Zeppelin | 2 | |
| Demolisher | 2 | |
| Green Dragon | 1 | |
27 total
» upgrades
| Reinforced Defenses | 1 | |
| Ranged Weapons | 3 | |
| Armor | 3 | |
| Envenomed Spears | 1 | |
| Berserker Strength | 1 | |
| Burning Oil | 1 | |
10 total
» buildings
| Altar of Storms | 1 | |
| Orc Burrow | 7 | |
| Barracks | 6 | |
| Stronghold | 1 | |
| Voodoo Lounge | 3 | |
| Great Hall | 4 | |
| War Mill | 3 | |
| Watch Tower | 43 | |
| Fortress | 1 | |
| Beastiary | 2 | |
71 total
» build order
00:10 Altar of Storms
00:19 Orc Burrow
00:57 Barracks
01:39 Orc Burrow
03:00 Stronghold
03:21 Voodoo Lounge
04:25 Great Hall
04:42 War Mill
04:58 Orc Burrow
05:35 Orc Burrow
06:07 Watch Tower
06:07 Watch Tower
06:47 Watch Tower
06:48 Watch Tower
06:54 Watch Tower
06:59 Watch Tower
08:20 Fortress
10:57 Beastiary
10:58 Beastiary
11:47 Watch Tower
11:48 Watch Tower
11:49 Watch Tower
11:49 Watch Tower
11:50 Watch Tower
11:51 Watch Tower
12:20 Watch Tower
12:21 Watch Tower
13:49 Orc Burrow
13:52 Orc Burrow
14:53 Watch Tower
14:53 Watch Tower
14:54 Watch Tower
14:58 Great Hall
17:04 Watch Tower
17:04 Watch Tower
19:19 Voodoo Lounge
19:24 Great Hall
19:30 Watch Tower
19:31 Watch Tower
19:31 Watch Tower
19:32 Watch Tower
19:59 Watch Tower
20:00 Watch Tower
20:02 Watch Tower
20:07 Watch Tower
20:29 Watch Tower
20:29 Watch Tower
20:30 Watch Tower
20:30 Watch Tower
20:31 Watch Tower
20:31 Watch Tower
20:40 War Mill
21:54 War Mill
24:48 Barracks
24:51 Barracks
24:54 Barracks
24:57 Barracks
25:00 Barracks
25:32 Orc Burrow
27:57 Watch Tower
34:26 Great Hall
34:35 Watch Tower
34:36 Watch Tower
34:36 Watch Tower
34:37 Watch Tower
34:37 Watch Tower
34:37 Watch Tower
34:39 Watch Tower
34:39 Watch Tower
34:40 Watch Tower
34:42 Voodoo Lounge
» items
| Healing Salve | 7 | |
| Lesser Clarity Potion | 5 | |
| Scroll of Town Portal | 2 | |
| Orb of Lightning | 1 | |
| Potion of Healing | 3 | |
| Potion of Mana | 5 | |
23 total
OsamaBinDrinkin (
blue | 98 APM | 2619 actions | 26:44)
4 Mountain King
2 Storm Bolt
2 Bash
4 Paladin
2 Holy Light
2 Divine Shield
» actions
| Assign group hotkey | 60 | |
| Basic commands | 41 | |
| Build / train | 92 | |
| ESC pressed | 2 | |
| Enter build submenu | 22 | |
| Enter hero's abilities submenu | 9 | |
| Remove unit from queue | 2 | |
| Right click | 1419 | |
| Select / deselect | 244 | |
| Select group hotkey | 639 | |
| Use ability | 89 | |
2619 total
» units
| Peasant | 13 | |
| Footman | 8 | |
| Gryphon Rider | 13 | |
| Goblin Shredder | 3 | |
37 total
» upgrades
| Lumber Harvesting | 2 | |
| Swords | 3 | |
| Armor | 4 | |
| Storm Hammers | 1 | |
10 total
» buildings
| Altar of Kings | 1 | |
| Barracks | 1 | |
| Farm | 12 | |
| Scout Tower | 2 | |
| Arcane Tower | 4 | |
| Arcane Vault | 1 | |
| Lumber Mill | 1 | |
| Keep | 5 | |
| Blacksmith | 1 | |
| Castle | 3 | |
| Gryphon Aviary | 3 | |
| Town Hall | 1 | |
35 total
» build order
00:06 Altar of Kings
00:17 Barracks
00:25 Farm
00:43 Farm
01:26 Scout Tower
02:06 Arcane Tower
02:06 Arcane Tower
02:21 Arcane Vault
03:05 Farm
03:36 Lumber Mill
03:38 Keep
03:38 Keep
03:38 Keep
03:39 Keep
04:22 Scout Tower
04:27 Farm
04:29 Blacksmith
06:17 Castle
06:17 Castle
07:35 Gryphon Aviary
07:36 Gryphon Aviary
08:11 Gryphon Aviary
12:31 Farm
12:32 Farm
17:07 Town Hall
18:00 Farm
19:36 Farm
19:37 Farm
19:37 Farm
19:38 Farm
19:38 Farm
» items
| Scroll of Regeneration | 4 | |
| Lesser Clarity Potion | 3 | |
| Scroll of Town Portal | 4 | |
| Orb of Fire | 1 | |
| Potion of Healing | 1 | |
13 total
CHRONIICtOKE (
purple | 51 APM | 1350 actions | 26:39)
7 Goblin Tinker
1 Pocket Factory
3 Engineering Upgrade
2 Cluster Rockets
1 Robo-Goblin
» actions
| Build / train | 82 | |
| Enter build submenu | 26 | |
| Enter hero's abilities submenu | 7 | |
| Right click | 883 | |
| Select / deselect | 291 | |
| Use ability | 61 | |
1350 total
» units
| Peasant | 16 | |
| Gryphon Rider | 32 | |
| Goblin Shredder | 1 | |
| Dragonhawk Rider | 1 | |
50 total
» upgrades
| Lumber Harvesting | 2 | |
| Swords | 3 | |
| Armor | 2 | |
| Storm Hammers | 1 | |
8 total
» buildings
| Keep | 1 | |
| Scout Tower | 5 | |
| Lumber Mill | 1 | |
| Arcane Tower | 1 | |
| Guard Tower | 4 | |
| Altar of Kings | 1 | |
| Farm | 11 | |
| Blacksmith | 1 | |
| Gryphon Aviary | 5 | |
| Castle | 1 | |
| Arcane Vault | 1 | |
| Town Hall | 1 | |
33 total
» build order
02:19 Keep
02:23 Scout Tower
02:26 Scout Tower
02:27 Scout Tower
02:31 Lumber Mill
03:00 Arcane Tower
03:02 Guard Tower
03:24 Altar of Kings
03:29 Farm
03:34 Farm
03:41 Scout Tower
03:45 Scout Tower
04:09 Guard Tower
04:10 Guard Tower
04:16 Guard Tower
04:20 Blacksmith
04:47 Gryphon Aviary
05:30 Castle
06:29 Gryphon Aviary
06:31 Gryphon Aviary
06:33 Gryphon Aviary
06:36 Farm
06:39 Farm
07:15 Farm
07:46 Gryphon Aviary
08:54 Arcane Vault
10:19 Farm
10:20 Farm
10:22 Farm
16:24 Farm
16:25 Farm
16:36 Farm
23:00 Town Hall
» items
| Scroll of Regeneration | 3 | |
| Scroll of Town Portal | 1 | |
| Potion of Healing | 3 | |
| Potion of Mana | 1 | |
8 total
team 2 (loser)

»
BarnabasCollins (
red | 36 APM | 1789 actions | 49:56)
4 Keeper of the Grove
2 Force of Nature
2 Thorns Aura
4 Priestess of the Moon
2 Searing Arrows
2 Trueshot Aura
» actions
| Assign group hotkey | 16 | |
| Basic commands | 25 | |
| Build / train | 125 | |
| Enter build submenu | 52 | |
| Enter hero's abilities submenu | 8 | |
| Give item / drop item | 5 | |
| Remove unit from queue | 3 | |
| Right click | 624 | |
| Select / deselect | 560 | |
| Select group hotkey | 257 | |
| Use ability | 113 | |
1789 total
» units
| Wisp | 53 | |
| Archer | 4 | |
| Huntress | 4 | |
| Hippogryph | 20 | |
| Chimaera | 9 | |
| Furbolg Shaman | 1 | |
91 total
» upgrades
| Strength of the Wild | 3 | |
| Reinforced Hides | 3 | |
| Sentinel | 1 | |
| Well Spring | 1 | |
8 total
» buildings
| Moon Well | 14 | |
| Altar of Elders | 2 | |
| Ancient of War | 2 | |
| Ancient of Wonders | 3 | |
| Hunter's Hall | 2 | |
| Tree of Life | 8 | |
| Tree of Ages | 1 | |
| Ancient Protector | 13 | |
| Tree of Eternity | 1 | |
| Ancient of Wind | 3 | |
| Chimaera Roost | 3 | |
52 total
» build order
00:19 Moon Well
00:29 Altar of Elders
00:38 Ancient of War
01:52 Moon Well
02:02 Ancient of Wonders
02:21 Moon Well
03:10 Hunter's Hall
04:19 Tree of Life
04:25 Tree of Ages
06:41 Ancient Protector
06:45 Ancient Protector
06:51 Ancient Protector
06:59 Ancient Protector
07:05 Ancient Protector
08:49 Tree of Eternity
09:29 Moon Well
10:00 Ancient of Wind
10:24 Ancient Protector
11:23 Chimaera Roost
12:02 Chimaera Roost
12:11 Chimaera Roost
13:47 Ancient of War
14:23 Moon Well
14:54 Moon Well
16:47 Ancient of Wind
16:54 Ancient Protector
19:35 Tree of Life
21:43 Ancient of Wind
24:45 Tree of Life
24:56 Moon Well
25:10 Moon Well
25:15 Moon Well
28:28 Tree of Life
33:51 Moon Well
34:09 Moon Well
35:37 Moon Well
36:25 Tree of Life
37:43 Hunter's Hall
37:57 Ancient of Wonders
38:29 Moon Well
38:51 Ancient Protector
40:21 Ancient Protector
40:29 Ancient Protector
40:33 Ancient Protector
40:58 Ancient Protector
41:13 Altar of Elders
41:23 Ancient Protector
42:29 Tree of Life
45:59 Tree of Life
47:37 Tree of Life
48:36 Moon Well
48:49 Ancient of Wonders
» items
| Scroll of Town Portal | 2 | |
| Moonstone | 2 | |
| Scroll of Speed | 1 | |
| Potion of Healing | 2 | |
| Staff of Teleportation | 1 | |
| Potion of Lesser Invulnerability | 1 | |
| Boots of Speed | 1 | |
| Potion of Invisibility | 1 | |
11 total

»
faast (
yellow | 35 APM | 1745 actions | 49:56)
6 Archmage
2 Summon Water Elemental
3 Brilliance Aura
1 Mass Teleport
6 Mountain King
3 Storm Bolt
2 Bash
1 Avatar
» actions
| Basic commands | 47 | |
| Build / train | 102 | |
| Enter build submenu | 42 | |
| Enter hero's abilities submenu | 12 | |
| Give item / drop item | 1 | |
| Remove unit from queue | 3 | |
| Right click | 566 | |
| Select / deselect | 859 | |
| Use ability | 113 | |
1745 total
» units
| Peasant | 13 | |
| Footman | 8 | |
| Goblin Shredder | 1 | |
| Priest | 6 | |
| Knight | 6 | |
| Siege Engine | 6 | |
40 total
» upgrades
| Swords | 3 | |
| Masonry | 3 | |
| Plating | 3 | |
| Magic Sentry | 1 | |
| Animal War Training | 1 | |
| Priest Training | 1 | |
| Gunpowder | 3 | |
| Barrage | 1 | |
| Lumber Harvesting | 1 | |
17 total
» buildings
| Altar of Kings | 1 | |
| Barracks | 1 | |
| Farm | 15 | |
| Lumber Mill | 1 | |
| Scout Tower | 34 | |
| Blacksmith | 1 | |
| Guard Tower | 10 | |
| Arcane Tower | 10 | |
| Keep | 1 | |
| Arcane Vault | 2 | |
| Arcane Sanctum | 1 | |
| Castle | 1 | |
| Town Hall | 3 | |
| Workshop | 2 | |
83 total
» build order
00:09 Altar of Kings
00:22 Barracks
00:26 Farm
00:49 Farm
01:42 Farm
02:06 Lumber Mill
02:23 Scout Tower
03:12 Blacksmith
04:33 Scout Tower
04:53 Farm
04:54 Farm
05:05 Guard Tower
05:06 Arcane Tower
05:11 Farm
05:11 Farm
05:42 Guard Tower
05:43 Arcane Tower
06:43 Scout Tower
06:44 Scout Tower
06:51 Keep
08:13 Guard Tower
08:17 Scout Tower
08:20 Arcane Vault
08:48 Arcane Tower
08:52 Arcane Vault
08:55 Scout Tower
08:58 Farm
08:59 Farm
09:17 Arcane Sanctum
09:45 Castle
10:50 Guard Tower
11:09 Town Hall
11:11 Scout Tower
11:11 Scout Tower
11:12 Scout Tower
11:12 Scout Tower
11:21 Scout Tower
11:46 Arcane Tower
11:47 Guard Tower
11:51 Farm
11:51 Farm
11:53 Arcane Tower
12:11 Farm
12:13 Farm
12:17 Guard Tower
13:27 Scout Tower
13:31 Farm
14:37 Arcane Tower
14:40 Scout Tower
17:15 Workshop
18:29 Workshop
20:01 Farm
20:03 Arcane Tower
20:51 Scout Tower
21:27 Arcane Tower
22:01 Scout Tower
22:01 Scout Tower
22:02 Scout Tower
22:02 Scout Tower
22:02 Scout Tower
22:03 Scout Tower
22:03 Scout Tower
23:50 Guard Tower
23:50 Guard Tower
24:44 Arcane Tower
25:48 Scout Tower
25:49 Scout Tower
25:49 Scout Tower
25:49 Scout Tower
26:38 Guard Tower
26:42 Scout Tower
26:45 Scout Tower
26:46 Scout Tower
26:46 Scout Tower
26:52 Arcane Tower
26:58 Scout Tower
27:29 Guard Tower
27:36 Guard Tower
27:59 Arcane Tower
28:01 Scout Tower
36:57 Town Hall
37:23 Scout Tower
40:16 Scout Tower
40:17 Arcane Tower
41:57 Town Hall
42:01 Scout Tower
» items
| Scroll of Town Portal | 4 | |
| Orb of Fire | 2 | |
6 total
IronMan36 (
teal | 97 APM | 4859 actions | 49:56)
10 Warden
3 Fan of Knives
3 Blink
3 Shadow Strike
1 Spirit of Vengeance
» actions
| Assign group hotkey | 85 | |
| Basic commands | 269 | |
| Build / train | 128 | |
| ESC pressed | 1 | |
| Enter build submenu | 38 | |
| Enter hero's abilities submenu | 10 | |
| Give item / drop item | 4 | |
| Right click | 2110 | |
| Select / deselect | 564 | |
| Select group hotkey | 1351 | |
| Use ability | 299 | |
4859 total
» units
| Wisp | 29 | |
| Archer | 11 | |
| Goblin Zeppelin | 7 | |
| Goblin Shredder | 4 | |
| Dryad | 14 | |
| Mountain Giant | 1 | |
| Druid of the Claw | 2 | |
| Glaive Thrower | 1 | |
69 total
» upgrades
| Strength of the Moon | 3 | |
| Moon Armor | 3 | |
| Well Spring | 1 | |
| Nature's Blessing | 1 | |
| Improved Bows | 1 | |
| Strength of the Wild | 3 | |
| Reinforced Hides | 3 | |
| Marksmanship | 1 | |
| Abolish Magic | 1 | |
| Hardened Skin | 1 | |
| Resistant Skin | 1 | |
| Druid of the Claw Training | 2 | |
| Mark of the Claw | 1 | |
| Ultravision | 1 | |
23 total
» buildings
| Altar of Elders | 1 | |
| Moon Well | 13 | |
| Ancient of War | 1 | |
| Tree of Life | 2 | |
| Tree of Ages | 3 | |
| Hunter's Hall | 1 | |
| Tree of Eternity | 1 | |
| Ancient Protector | 7 | |
| Ancient of Wonders | 1 | |
| Ancient of Lore | 3 | |
33 total
» build order
00:10 Altar of Elders
00:11 Moon Well
00:47 Ancient of War
01:39 Moon Well
02:19 Moon Well
02:56 Moon Well
04:09 Tree of Life
04:59 Tree of Ages
04:59 Tree of Ages
05:07 Hunter's Hall
07:34 Tree of Eternity
07:41 Ancient Protector
07:42 Ancient Protector
08:00 Moon Well
08:09 Ancient of Wonders
08:21 Moon Well
09:33 Ancient Protector
10:27 Ancient of Lore
11:50 Ancient of Lore
11:53 Ancient of Lore
11:57 Ancient Protector
11:58 Ancient Protector
21:57 Moon Well
21:59 Moon Well
22:00 Moon Well
22:02 Moon Well
22:04 Moon Well
22:05 Moon Well
22:06 Moon Well
36:23 Tree of Life
36:25 Ancient Protector
36:26 Ancient Protector
» items
| Circlet of Nobility | 1 | |
| Healing Salve | 2 | |
| Lesser Clarity Potion | 1 | |
| Scroll of Town Portal | 6 | |
| Anti-magic Potion | 4 | |
| Orb of Venom | 1 | |
| Scroll of Protection | 1 | |
16 total
SANAA (
green | 22 APM | 1078 actions | 49:56)
3 Tauren Chieftain
1 Endurance Aura
2 War Stomp
1 Shadow Hunter
1 Healing Wave
1 Goblin Alchemist
1 Acid Bomb
» actions
| Assign group hotkey | 16 | |
| Basic commands | 71 | |
| Build / train | 45 | |
| ESC pressed | 1 | |
| Enter build submenu | 27 | |
| Enter hero's abilities submenu | 5 | |
| Give item / drop item | 6 | |
| Remove unit from queue | 1 | |
| Right click | 393 | |
| Select / deselect | 196 | |
| Select group hotkey | 237 | |
| Use ability | 80 | |
1078 total
» units
| Peon | 7 | |
| Grunt | 3 | |
| Shaman | 5 | |
| Troll Batrider | 1 | |
| Goblin Shredder | 1 | |
17 total
» upgrades
| Shaman Training | 2 | |
| Reinforced Defenses | 1 | |
3 total
» buildings
| Altar of Storms | 1 | |
| Orc Burrow | 4 | |
| Barracks | 1 | |
| Voodoo Lounge | 2 | |
| Stronghold | 1 | |
| War Mill | 1 | |
| Fortress | 1 | |
| Spirit Lodge | 2 | |
| Watch Tower | 6 | |
| Tauren Totem | 1 | |
| Beastiary | 2 | |
| Great Hall | 1 | |
23 total
» build order
00:10 Altar of Storms
00:15 Orc Burrow
00:44 Barracks
01:32 Orc Burrow
01:44 Voodoo Lounge
01:59 Voodoo Lounge
03:37 Stronghold
04:24 Orc Burrow
04:33 War Mill
05:31 Orc Burrow
06:25 Fortress
06:29 Spirit Lodge
06:45 Spirit Lodge
07:17 Watch Tower
07:19 Watch Tower
09:09 Tauren Totem
09:11 Beastiary
10:04 Beastiary
12:17 Watch Tower
14:14 Great Hall
14:51 Watch Tower
14:53 Watch Tower
14:55 Watch Tower
» items
| Healing Salve | 3 | |
| Circlet of Nobility | 2 | |
| Boots of Speed | 1 | |
| Dust of Appearance | 1 | |
| Scroll of Speed | 2 | |
| Lesser Clarity Potion | 3 | |
| Orb of Lightning | 1 | |
| Periapt of Vitality | 1 | |
14 total
Chat log
(00:10 / All) CHRONIICtOKE: hilary!
(00:11 / All) CHRONIICtOKE: clan toke
(00:18 / All) OsamaBinDrinkin: oh god
(00:33 / All) faast: what a faggot
(00:39 / All) OsamaBinDrinkin: its these guys again
(01:06 / All) SANAA: i prefer corruption over retardation
(01:48 / All) OsamaBinDrinkin: FUCK YOU AMERICA
(01:56 / All) OsamaBinDrinkin: why did Berbie lose !
(01:59 / All) OsamaBinDrinkin: bernie*
(02:53 / All) CHRONIICtOKE: god these noobs
(03:11 / Allies) tim_yang: cc guys
(03:15 / Allies) CHRONIICtOKE: kkk
(03:15 / Allies) tim_yang: or rush?
(03:19 / Allies) CHRONIICtOKE: nah cc
(03:25 / Allies) tim_yang: k
(03:52 / Allies) CHRONIICtOKE: tower up just in case they rush
(03:54 / Allies) OsamaBinDrinkin: lolol
(04:00 / Allies) CHRONIICtOKE: that guy is so shit
(04:01 / Allies) OsamaBinDrinkin: yo orange
(04:02 / Allies) RussiaBetterUSA: lol
(04:06 / Allies) OsamaBinDrinkin: lets have fun at yellow XD
(04:15 / Allies) OsamaBinDrinkin: imma go get some exp
(04:23 / Allies) CHRONIICtOKE: enjoy guys
(04:39 / Allies) OsamaBinDrinkin: ohhh
(04:42 / Allies) OsamaBinDrinkin: he has foots
(04:43 / Allies) RussiaBetterUSA: OHHHH
(06:06 / All) CHRONIICtOKE: lmao cuck
(07:54 / Allies) CHRONIICtOKE: wood
(07:55 / Allies) CHRONIICtOKE: for griffs
(08:47 / Allies) CHRONIICtOKE: pink expo and tweor
(08:48 / All) OsamaBinDrinkin: fucking phone
(08:59 / Allies) OsamaBinDrinkin: I NEED HELP
(09:19 / Allies) CHRONIICtOKE: expo pink
(09:26 / Allies) RussiaBetterUSA: ok
(09:27 / Allies) tim_yang: i was get turen
(09:27 / Allies) RussiaBetterUSA: i will
(09:30 / Allies) tim_yang: but nwo i get air?
(09:37 / Allies) CHRONIICtOKE: sure
(10:02 / Allies) CHRONIICtOKE: add al ot of towers
(10:03 / Allies) CHRONIICtOKE: tho
(11:18 / Allies) OsamaBinDrinkin: OK WE LOST
(11:23 / Allies) CHRONIICtOKE: ur shit
(11:24 / Allies) CHRONIICtOKE: if u give up
(11:27 / Allies) CHRONIICtOKE: relax
(12:02 / Allies) OsamaBinDrinkin: orange what are you making ?
(12:09 / Allies) tim_yang: wiverns
(12:59 / All) RussiaBetterUSA: lol red
(13:26 / Allies) OsamaBinDrinkin: KILL GREEN
(13:31 / Allies) CHRONIICtOKE: omw
(13:59 / Allies) OsamaBinDrinkin: WHWERE IS ALL ????
(14:17 / Allies) CHRONIICtOKE: gold meq ucik
(14:22 / Allies) tim_yang: cmon guys we gota focus
(14:32 / Allies) tim_yang: we runnin arnd like chickens with are heads cut off
(14:38 / Allies) OsamaBinDrinkin: LETS JUST GO IN
(14:39 / Allies) CHRONIICtOKE: k lets go then
(14:43 / Allies) OsamaBinDrinkin: FOCUS HERO
(14:44 / Allies) OsamaBinDrinkin: WIN
(14:45 / Allies) CHRONIICtOKE: ur the one
(14:48 / Allies) CHRONIICtOKE: thats doing nothing pink
(14:49 / Allies) CHRONIICtOKE: come u noob
(14:50 / Allies) OsamaBinDrinkin: plsu green needs to die now
(15:25 / All) CHRONIICtOKE: GG NOOBS
(15:31 / All) CHRONIICtOKE: told uteal sucks
(16:23 / All) IronMan36: lol
(16:24 / All) IronMan36: you suck ass pink
(16:26 / All) CHRONIICtOKE: i mean
(16:30 / All) CHRONIICtOKE: faast
(16:30 / All) CHRONIICtOKE: sucks
(16:34 / All) CHRONIICtOKE: whatever noob color he is
(16:48 / Allies) CHRONIICtOKE: oh yellow
(16:51 / All) CHRONIICtOKE: oh yellow
(16:53 / All) CHRONIICtOKE: so irrelvant
(16:54 / Allies) OsamaBinDrinkin: we got it
(16:55 / All) CHRONIICtOKE: i forgot what he was
(16:57 / Allies) OsamaBinDrinkin: kill red then go
(17:22 / Allies) CHRONIICtOKE: stay toghete roka
(17:28 / Allies) OsamaBinDrinkin: anyone has 200 wood ?
(17:37 / Allies) OsamaBinDrinkin: ty
(17:42 / Allies) OsamaBinDrinkin: GHIO
(18:11 / Allies) RussiaBetterUSA: gold i need
(18:34 / Allies) RussiaBetterUSA: gold i neeed
(18:36 / Allies) tim_yang: out guys
(18:43 / Allies) RussiaBetterUSA: ty
(18:43 / All) IronMan36: lol
(18:45 / Allies) CHRONIICtOKE: expo
(18:53 / Allies) OsamaBinDrinkin: no more expos god damn it
(18:55 / Allies) OsamaBinDrinkin: we need units
(18:59 / Allies) CHRONIICtOKE: we had a chance to expo
(19:01 / Allies) CHRONIICtOKE: u guys shouve
(19:15 / Allies) CHRONIICtOKE: to my base okay
(19:17 / Allies) CHRONIICtOKE: were winning we got this
(19:21 / Allies) RussiaBetterUSA: shut up toke peace of shit
(19:42 / Allies) CHRONIICtOKE: make some wyverns u clown
(19:51 / Allies) tim_yang: who me
(19:54 / Allies) tim_yang: i got som
(19:59 / Allies) CHRONIICtOKE: pink
(20:03 / Allies) CHRONIICtOKE: usless bats
(20:04 / Allies) tim_yang: o
(20:09 / All) IronMan36: noob purp
(20:10 / Allies) CHRONIICtOKE: k get reayd to tp
(20:16 / Allies) OsamaBinDrinkin: wyverns come
(21:03 / All) IronMan36: lol
(21:14 / All) RussiaBetterUSA: DRAGON SAFE
(21:33 / Allies) OsamaBinDrinkin: well we lost this
(21:33 / Allies) CHRONIICtOKE: gj
(21:35 / Allies) CHRONIICtOKE: start expoing
(21:36 / Allies) CHRONIICtOKE: now e didnt
(21:37 / Allies) CHRONIICtOKE: wtf
(21:43 / Allies) OsamaBinDrinkin: yellow is top
(21:47 / Allies) OsamaBinDrinkin: coming to kill me
(21:50 / Allies) CHRONIICtOKE: so what
(21:51 / Allies) CHRONIICtOKE: hes isoing
(21:52 / Allies) CHRONIICtOKE: let him
(22:03 / Allies) OsamaBinDrinkin: let him kill me ?
(22:07 / Allies) CHRONIICtOKE: come here
(22:09 / Allies) CHRONIICtOKE: stay togheter
(22:10 / Allies) CHRONIICtOKE: omg
(23:23 / Allies) OsamaBinDrinkin: we are so losing
(23:40 / Allies) CHRONIICtOKE: altar
(23:53 / Allies) OsamaBinDrinkin: PEOPLE
(23:55 / Allies) OsamaBinDrinkin: KILL THESE EXPOS
(23:57 / Allies) CHRONIICtOKE: stfu
(23:57 / Allies) OsamaBinDrinkin: KILL YELLOW
(23:58 / Allies) CHRONIICtOKE: and stay quiet
(24:00 / Allies) CHRONIICtOKE: clown
(24:03 / Allies) OsamaBinDrinkin: IS THAT SO >
(24:05 / Allies) OsamaBinDrinkin: TK TIME
(24:08 / Allies) CHRONIICtOKE: wow
(24:10 / Allies) CHRONIICtOKE: stop
(24:17 / Allies) tim_yang: blue plz stop
(24:21 / Allies) tim_yang: we r winnin
(24:29 / All) CHRONIICtOKE: teal alreadydid it for us
(24:30 / Allies) CHRONIICtOKE: that noob
(24:55 / Allies) CHRONIICtOKE: blue hasbeen garbage
(24:56 / Allies) CHRONIICtOKE: all game
(25:02 / Allies) CHRONIICtOKE: back he has tanks
(25:03 / Allies) tim_yang: im make destroyer
(25:32 / All) IronMan36: you suck purp lol
(25:40 / All) CHRONIICtOKE: you were lucky
(25:43 / All) IronMan36: LOL
(25:43 / All) IronMan36: NO
(25:45 / All) CHRONIICtOKE: except orange
(25:46 / All) IronMan36: YOU ARE THE RETARD
(25:46 / All) IronMan36: LOL
(25:54 / Allies) CHRONIICtOKE: lmao
(25:56 / All) CHRONIICtOKE: lmao at ur stats kid
(25:57 / All) CHRONIICtOKE: ur trash
(26:01 / Allies) OsamaBinDrinkin: YO PINK CAN I HAVE SOME GOLD ?
(26:02 / All) IronMan36: I'M 0-0 LOL
(26:04 / All) IronMan36: KID
(26:05 / All) CHRONIICtOKE: yeah
(26:06 / All) CHRONIICtOKE: ur garbage
(26:07 / All) IronMan36: YOU SUCK LOL
(26:08 / All) CHRONIICtOKE: u were so mad
(26:10 / All) IronMan36: WHAT ARE YOUR STATS
(26:11 / All) CHRONIICtOKE: u made a new account kid
(26:12 / All) CHRONIICtOKE: stay mad
(26:13 / All) CHRONIICtOKE: Kid
(26:13 / All) IronMan36: WHO ARE YOU LOL
(26:18 / All) CHRONIICtOKE: im ur papi
(26:20 / All) CHRONIICtOKE: lmao
(26:21 / All) CHRONIICtOKE: u wish
(26:22 / All) CHRONIICtOKE: kid
(26:23 / All) CHRONIICtOKE: ahhahaha
(26:24 / All) IronMan36: ANY DAY
(26:26 / All) CHRONIICtOKE: sure kid
(26:30 / All) IronMan36: YOU WISH YOU WERE ON MY LEVEL
(26:34 / All) IronMan36: DO YOU EVEN KNOW WHO I AM LOL
(26:36 / All) CHRONIICtOKE: SURE KID! lucky i had noob ass blue
(29:34 / Allies) RussiaBetterUSA: GOLD
(29:37 / Allies) RussiaBetterUSA: I NEED
(30:04 / All) tim_yang: jake said I was his only non retadred ally and I was trying to play like a retard lol
(30:11 / All) IronMan36: LOL
(30:56 / Allies) RussiaBetterUSA: more gold
(31:33 / Allies) RussiaBetterUSA: more gold
(31:34 / Allies) RussiaBetterUSA: man
(32:26 / Allies) RussiaBetterUSA: golddddddddddddddddddddd
(33:21 / Allies) RussiaBetterUSA: GOLDDDDDDDDDDDDDDDDDDDDDDDDDDDDDD
(37:31 / All) IronMan36: lol
(37:34 / All) IronMan36: you suck pink
(38:47 / All) tim_yang: lol
(38:54 / All) tim_yang: he left
(38:54 / All) IronMan36: fucking hero stuck bug
(48:13 / All) tim_yang: bYE FELICIA
(49:14 / All) IronMan36: lawl
(49:17 / All) IronMan36: the dryad said TASTE MY SPEAR
(49:21 / All) IronMan36: then the warden said
(49:24 / All) IronMan36: I CAN TASTE THEIR FEAR